 Dungeon Crawl Stone Soup version 0.30-a0-137-gd8773701ce (webtiles) character file.

Game seed: 7316906312138205537

11356 lunkers the Basher (level 12, -7/116 HPs)
             Began as a Meteoran Berserker on Sept 24, 2022.
             Was a Believer of Trog.
             Mangled by an elephant (11 damage)
             ... on level 2 of the Lair of Beasts.
             The game lasted 00:13:35 (3084 turns).

lunkers the Basher (Meteoran Berserker)             Turns: 3084, Time: 00:13:36

Health: -7/116     AC:  9    Str: 21    XL:     12   Next: 33%
Magic:  13/13      EV: 17    Int: 10    God:    Trog [**....]
Gold:   339        SH:  6    Dex: 16    Spells: 11/11 levels left

rFire   . . .      SeeInvis +    n - +1 flail of Kindness {spect, rPois}
rCold   . . .      Faith    .    o - +0 buckler
rNeg    . . .      Spirit   .    h - +3 ring mail {rPois}
rPois   +          Reflect  .    (no helmet)
rElec   .          Harm     .    c - scarf {shadows}
rCorr   .          Rampage  .    (no gloves)
Will    +++..                    (no boots)
Stlth   +.........               (no amulet)
HPRegen 1.29/turn                i - ring of see invisible
MPRegen 0.13/turn                q - +4 ring of evasion

@: strong-willed, regenerating, glowing
A: sense surroundings 2, otherworldly, glowing, explore regen
a: Renounce Religion, Berserk, Trog's Hand


You were on level 2 of the Lair of Beasts.
You worshipped Trog.
Trog was pleased with you.
You visited 2 branches of the dungeon, and saw 14 of its levels.
You also visited: Bailey.

You collected 339 gold pieces.

Inventory:

Hand Weapons
 a - a +1 mace
 n - the +1 flail of Kindness (weapon) {spect, rPois}
   (You found it on level 6 of the Dungeon)

   When its wielder attacks, the weapon's spirit leaps out and strikes again.
   The spirit shares a part of any damage it takes with its wielder.
   rPois:     It protects you from poison.
Missiles
 d - 22 stones (quivered)
 e - 11 poisoned darts
Armour
 b - +2 acid dragon scales
 c - a scarf of shadows (worn)
 h - a +3 ring mail of poison resistance (worn)
 k - a +0 scale mail
 o - a +0 buckler (worn)
Jewellery
 i - a ring of see invisible (left hand)
 q - a +4 ring of evasion (right hand)
Wands
 v - a wand of roots (6)
Scrolls
 r - a scroll of butterflies {unknown}
 t - a scroll of poison {unknown}
 w - a scroll of magic mapping
Potions
 f - 3 potions of lignification
 g - 4 potions of magic
 j - 4 potions of flight
 l - 3 potions of cancellation
 m - 2 potions of curing {unknown}
 p - 3 potions of brilliance {unknown}
 s - a potion of haste {unknown}
 u - a potion of degeneration {unknown}


   Skills:
 + Level 13.9 Fighting
 - Level 14.0 Maces & Flails
 + Level 6.3 Armour
 + Level 6.3 Dodging
 + Level 5.7 Shields


You had 11 spell levels left.
You didn't know any spells.
Your spell library was empty.

Dungeon Overview and Level Annotations

Branches:
Dungeon (11/15) Zot: 3992    Lair (3/5) D:11 Zot: 1531  Shoals (0/4) Lair:3
    Orc (0/2) D:9          Bailey (visited)
 Temple: D:4-7        Snake: Lair:2-3    Spider: Lair:2-3

Altars:
Xom

Annotations:
D:11 exclusion: 2 oklob plants
Lair:1 1 runed translucent door, ytrimaz's ghost, journeyman HOFi


Innate Abilities, Weirdness & Mutations

You passively map the area around you.
You are easily found by Zot.
You glow in the dark.
You regain HP and MP as you explore.


Message History

You kill the elephant!
Trog accepts your kill.
You feel the effects of Trog's Hand fading.
Unknown command.
You sock the elephant!
The elephant is lightly wounded.
The elephant tramples you!
* * * LOW HITPOINT WARNING * * *
You hold your ground!
The elephant trunk-slaps you but does no damage.
You hit the elephant.
The elephant is lightly wounded.
Unknown command.
You hit the elephant.
The elephant is moderately wounded.
The elephant misses you. The elephant closely misses you.
Unknown command.
You hit the elephant.
The elephant is moderately wounded.
You block the elephant's attack. The elephant closely misses you.
Unknown command.
You hit the elephant but do no damage.
The elephant is moderately wounded.
The elephant tramples you.
* * * LOW HITPOINT WARNING * * *
You hold your ground!
The elephant misses you.
You hit the elephant.
The elephant is heavily wounded.
Unknown command.
You hit the elephant.
The elephant is heavily wounded.
You recover from your berserk rage.
The elephant tramples you!
* * * LOW HITPOINT WARNING * * *
You hold your ground!
The elephant trunk-slaps you but does no damage.
Your skin crawls.
You feel strong-willed. The elephant tramples you!
You die...

#... , ,
##...
*....##
#....
#.... *
#P†..
*....# *
##...
##...#*
#...
....#
##...
###...#
#....
#@YY..#
##...
###....#
##...
*....##
#....
#....#
##...
##...#
#...
#Y..#
#...
*P...#
#... **
, #### *
, * #


You could see 2 elephants.

Vanquished Creatures
  Snorg (D:11)
  2 two-headed ogres
  6 elephants
  Joseph (D:9)
  A cane toad (Lair:1)
  2 komodo dragons
  A rime drake (Lair:1)
  3 trolls (D:10)
  Prince Ribbit (Lair:1)
  8 blink frogs
  4 spriggans (Bailey)
  A shadow (D:11)
  2 yaks
  2 wraiths
  A wyvern (Lair:2)
  3 steam dragons
  An ice beast (D:8)
  7 ogres
  A centaur (D:8)
  A kobold brigand (D:10)
  A bullfrog (Lair:1)
  A scorpion (D:4)
  2 gnoll sergeants (D:6)
  2 necrophages
  A wight (D:7)
  5 howler monkeys
  An electric eel (D:10)
  5 hounds
  A jelly (D:6)
  A gnoll bouda (D:10)
  2 orc wizards (D:9)
  12 gnolls
  4 adders
  2 worms
  A dart slug (D:3)
  7 orcs
  3 bats (D:1)
  3 endoplasms
  3 giant cockroaches
  2 hobgoblins (D:1)
  3 quokkas
  A ball python (D:4)
  2 goblins (D:1)
  5 kobolds
  3 rats
122 creatures vanquished.

Vanquished Creatures (others)
  An orc (D:9)
  34 plants
35 creatures vanquished.

Grand Total: 157 creatures vanquished

Notes
Turn   | Place    | Note
-------+----------+-------------------------------------------
     0 | D:1      | lunkers the Meteoran Berserker began the quest for the Orb.
     0 | D:1      | Reached XP level 1. HP: 19/19 MP: 2/2
   112 | D:1      | Reached XP level 2. HP: 8/26 MP: 3/3
   200 | D:1      | Reached skill level 5 in Maces & Flails
   281 | D:2      | Reached XP level 3. HP: 31/31 MP: 4/4
   479 | D:4      | Noticed a scorpion
   486 | D:4      | Killed a scorpion
   487 | D:4      | Reached skill level 6 in Maces & Flails
   487 | D:4      | Reached XP level 4. HP: 38/38 MP: 5/5
   487 | D:4      | Reached XP level 5. HP: 45/45 MP: 6/6
   553 | D:4      | Reached skill level 7 in Maces & Flails
   694 | D:5      | Entered Level 5 of the Dungeon
   696 | D:5      | Noticed a necrophage
   702 | D:5      | Killed a necrophage
   703 | D:5      | Reached skill level 8 in Maces & Flails
   703 | D:5      | Reached XP level 6. HP: 51/51 MP: 7/7
   875 | D:6      | Identified the +1 flail of Kindness {spect, rPois}
   891 | D:6      | Reached skill level 9 in Maces & Flails
   894 | D:6      | Reached XP level 7. HP: 49/57 MP: 8/8
   896 | D:6      | Reached ** piety under Trog
   943 | D:6      | Reached skill level 10 in Maces & Flails
   993 | D:6      | Reached skill level 11 in Maces & Flails
   993 | D:6      | Reached XP level 8. HP: 53/63 MP: 9/9
  1382 | D:8      | Reached skill level 12 in Maces & Flails
  1566 | D:8      | Noticed a two-headed ogre
  1575 | D:8      | Killed a two-headed ogre
  1576 | D:8      | Reached skill level 14 in Maces & Flails
  1576 | D:8      | Reached skill level 5 in Fighting
  1576 | D:8      | Gained mutation: You passively map the area around you.
                  | [Meteoran growth]
  1576 | D:8      | Reached XP level 9. HP: 40/74 MP: 10/10
  1600 | D:8      | Found a flagged portal.
  1616 | Bailey   | Entered a bailey
  1655 | Bailey   | Noticed a two-headed ogre
  1660 | Bailey   | Reached XP level 10. HP: 51/88 MP: 11/11
  1668 | Bailey   | Killed a two-headed ogre
  1749 | Bailey   | Reached skill level 10 in Fighting
  2104 | D:10     | Entered Level 10 of the Dungeon
  2237 | D:10     | Reached XP level 11. HP: 60/104 MP: 12/12
  2342 | D:9      | Noticed Joseph
  2352 | D:9      | Killed Joseph
  2671 | D:11     | Reached skill level 1 in Shields
  2708 | D:11     | Noticed Snorg
  2715 | D:11     | Killed Snorg
  2723 | D:11     | Noticed an oklob plant
  2745 | D:11     | Noticed an oklob plant
  2751 | D:11     | Found a staircase to the Lair.
  2809 | Lair:1   | Entered Level 1 of the Lair of Beasts
  2812 | Lair:1   | Noticed Prince Ribbit
  2849 | Lair:1   | Killed Prince Ribbit
  2898 | Lair:1   | Found a runed translucent door.
  2898 | Lair:1   | Found a shimmering altar of Xom.
  2898 | Lair:1   | Noticed a +2 flail of chaos
  2898 | Lair:1   | Noticed ytrimaz's ghost (journeyman HOFi)
  2968 | Lair:2   | Reached skill level 5 in Armour
  2968 | Lair:2   | Reached skill level 5 in Dodging
  2996 | Lair:3   | Noticed an elephant
  2996 | Lair:3   | Noticed an elephant
  2998 | Lair:3   | Noticed an elephant
  2998 | Lair:3   | Noticed an elephant
  3006 | Lair:3   | Killed an elephant
  3007 | Lair:3   | Reached XP level 12. HP: 116/116 MP: 13/13
  3021 | Lair:3   | Reached skill level 5 in Shields
  3083 | Lair:2   | HP: 3/116 [elephant (9)]
  3084 | Lair:2   | Mangled by an elephant

Illustrated notes

Levels and vault maps discovered:
D:1:      minmay_arrival_shattered_statue, layout_rooms,
          minmay_misc_feat_nine_boxes, grunt_decor_junction
D:2:      layout_basic, minmay_misc_feat_rows
D:3:      layout_rooms, ebering_ecumenical_altar_rust, minmay_misc_feat_room
D:4:      layout_cave_pools, gammafunk_ghost_necromancy,
          kennysheep_windowed_goal
D:5:      nicolae_cairo_tiling, layout_basic, minmay_temple_entry_large_hall,
          eino_small_chamber_without_monster, minmay_misc_feat_chi
D:6:      layout_rooms, uniq_pikel
D:7:      layout_basic, wad_woods_river_04, st_stairs_7,
          dilly_guarded_unrand_devastator
D:8:      layout_loops_ring, enter_bailey_2, skrybe_limestone_x, uniq_maggie
D:9:      layout_layer_cave, nemelex_diamond_rough_becter,
          nicolae_ru_sacrificial_ziggurat, minmay_overflow_temple_star_hex,
          orc_0_dummy, serial_bayou, serial_bayou_shore_a,
          serial_bayou_lagoon_a, serial_bayou_pond_a, serial_bayou_pond_b,
          uniq_joseph, uniq_erica
D:10:     layout_basic
D:11:     layout_gridville, dpeg_oklobed_lair, uniq_snorg
Lair:1:   layout_regular_city, ebering_ghost_xom, lemuel_fruit_fields,
          serial_bayou_shore_b, uniq_prince_ribbit2
Lair:2:   dreamdust_cave_troll, layout_cellular_growth,
          nicolae_spider_entry_tight_spaces, grunt_forest_large_clearing_hut
Lair:3:   regret_index_bee_streams, layout_loops_ring, minmay_shoals_entry_hut,
          uniq_josephine, uniq_rupert

Skill      XL: |  1  2  3  4  5  6  7  8  9 10 11 12 |
---------------+-------------------------------------+-----
Maces & Flails | 5 6 8 9 11 14 | 14.0
Fighting       | 5 7 12 13 | 13.9
Shields        | 4 5 |  5.7
Armour         | 5 6 |  6.3
Dodging        | 5 6 |  6.3

Action                   |  1- 3 |  4- 6 |  7- 9 | 10-12 || total
-------------------------+-------+-------+-------+-------++-------
Melee: Mace              |    58 |    49 |       |       ||   107
       Flail             |       |     7 |    67 |   263 ||   337
Throw: Stone             |    33 |     1 |     9 |    16 ||    59
Invok: Berserk           |     1 |     2 |     2 |     9 ||    14
       Trog's Hand       |       |       |     1 |    10 ||    11
  Use: Scroll            |       |     3 |     1 |     4 ||     8
 Stab: Distracted        |       |       |     2 |       ||     2
Armor: Animal skin       |    17 |     4 |       |       ||    21
       Scale mail        |       |    12 |       |       ||    12
       Ring mail         |       |     5 |    23 |    50 ||    78
Dodge: Dodged            |    35 |    29 |    33 |   147 ||   244
Block: Buckler           |       |       |    16 |    51 ||    67

Table legend: (Time is in decaauts)
 A = Elapsed time spent in this place.
 B = Non-inter-level travel time spent in this place.
 C = Inter-level travel time spent in this place.
 D = Time resting spent in this place.
 E = Time spent auto-exploring this place.
 F = Levels seen in this place.
 G = Mean time per level.
                   A        B        C        D        E       F      G
               +--------+--------+--------+--------+--------+-----+--------+
         Total |   3183 |   2999 |    184 |      0 |    663 |  15 |  212.2 |
       Dungeon |   2607 |   2423 |    184 |      0 |    663 |  11 |  237.0 |
          Lair |    267 |    267 |      0 |      0 |      0 |   3 |   89.0 |
        Bailey |    308 |    308 |      0 |      0 |      0 |   1 |  308.0 |
               +--------+--------+--------+--------+--------+-----+--------+

Top non-repeatable levels by time:
     D:8: 411 daAuts
    D:10: 381 daAuts
     D:6: 331 daAuts
  Bailey: 308 daAuts
     D:1: 264 daAuts
     D:9: 262 daAuts
     D:4: 228 daAuts
     D:5: 176 daAuts
     D:3: 169 daAuts
     D:7: 167 daAuts
    D:11: 154 daAuts
  Lair:1: 134 daAuts
  Lair:2: 112 daAuts
     D:2: 58 daAuts
  Lair:3: 20 daAuts
